Jets vs Sharks
Created - February 4, 2019 at 19:01
Goals
|
| Jets |
0 |
2 |
1 |
3 |
| Sharks |
2 |
0 |
2 |
4 |
|
Shots
|
| Jets |
11 |
9 |
15 |
35 |
| Sharks |
7 |
14 |
11 |
32 |
|
1st period
1. Sharks , Milan Michalek 13 (Jason Spezza 24) at 17:05
2. Sharks , Milan Michalek 14 (Kevin Shattenkirk 42, Maxim Afinogenov 17) at 17:22
Penalties :
Marco Scandella (Win) for Holding (Minor) at 6:50, Marco Scandella (Win) for High sticking (Minor) at 17:30
2nd period
3. Jets , Mike Richards 19 (Marco Scandella 19) at 2:38 (PP)
4. Jets , Benoit Pouliot 21 (Derek Stepan 34, Devin Setoguchi 13) at 9:32
Penalties :
Nate Prosser (SJS) for Holding (Minor) at 1:46, Marcus Johansson (Win) for Holding (Minor) at 2:55, Marcus Johansson (Win) for Interference (Minor) at 11:16, Maxim Afinogenov (SJS) for Hooking (Minor) at 19:20
3rd period
5. Jets , Corey Perry 19 (Derek Stepan 35) at 2:13 (PP)
6. Sharks , Oskar Osala 14 (Kevin Shattenkirk 43, Tyler Weiman) at 8:11 (PP)
7. Sharks , Nick Palmieri 12 (T.J. Hensick 17, Maxim Kondratiev 8) at 15:24
Penalties :
Nate Prosser (SJS) for Tripping (Minor) at 2:12, Eric Gelinas (Win) for Hooking (Minor) at 7:35, Anton Volchenkov (Win) for Roughing (Minor) at 18:58
Goalie Stats
Kari Lehtonen (Win), 28 saves from 32 shots - (0.875), L, 11-12-0, 60:00 minutes
Tyler Weiman (SJS), 32 saves from 35 shots - (0.914), W, 15-15-7, 60:00 minutes
Players Stats for Jets
Player Name G A P +/- PIM S H SB GA TA FO MP PP MP PK MP
------------------------------------------------------------------------------------
Anton Volchenkov 0 0 0 0 2 0 3 0 1 0 0/0 20:27 0:00 5:42
Benoit Pouliot 1 0 1 1 0 6 1 0 2 1 0/1 18:10 2:15 0:52
Brendan Smith 0 0 0 0 0 2 2 3 0 0 0/0 26:50 2:52 5:27
Corey Perry 1 0 1 -2 0 4 1 0 0 1 1/2 20:00 2:15 1:46
Derek Stepan 0 2 2 1 0 2 0 0 0 0 11/19 16:49 2:15 0:00
Devin Setoguchi 0 1 1 1 0 1 0 1 0 0 1/1 15:09 0:37 0:00
Eric Gelinas 0 0 0 -2 2 0 1 1 2 0 0/0 20:44 0:00 3:53
Erik Haula 0 0 0 -1 0 1 0 0 0 0 5/6 14:08 0:00 5:10
Fredrik Sjostrom 0 0 0 0 0 1 0 1 1 0 0/0 6:39 0:00 0:00
Jacob Trouba 0 0 0 0 0 0 0 2 0 2 0/0 13:54 0:00 1:42
Jared Spurgeon 0 0 0 0 0 0 0 1 0 0 0/0 12:00 0:00 0:03
Joe Colborne 0 0 0 -1 0 3 1 0 0 0 3/9 12:48 0:00 3:02
Kevin Hayes 0 0 0 0 0 0 0 0 0 0 0/0 6:39 0:00 0:00
Marco Scandella 0 1 1 -2 4 3 5 0 1 2 0/0 26:02 2:52 2:19
Marcus Johansson 0 0 0 -2 4 3 1 1 2 0 1/2 17:29 0:37 0:00
Mike Richards 1 0 1 -2 0 4 2 0 0 0 10/25 20:24 0:37 3:02
Nino Niederreiter 0 0 0 -1 0 5 1 0 0 0 0/0 14:48 0:00 5:11
Noel Acciari 0 0 0 0 0 0 0 2 0 0 0/0 7:21 0:00 0:03
Players Stats for Sharks
Player Name G A P +/- PIM S H SB GA TA FO MP PP MP PK MP
------------------------------------------------------------------------------------
Adam Larsson 0 0 0 0 0 0 0 0 0 1 0/0 13:01 0:00 0:00
Andrej Sekera 0 0 0 2 0 0 0 1 0 0 0/0 23:41 5:32 2:33
Bobby Butler 0 0 0 0 0 0 0 0 0 0 0/0 6:53 0:00 0:00
Brendon Nash 0 0 0 0 0 0 0 0 0 0 0/0 3:43 0:00 0:00
Darren Helm 0 0 0 0 0 1 0 0 0 0 2/2 7:13 0:00 0:00
Jason Spezza 0 1 1 2 0 7 0 0 1 1 21/42 25:01 4:40 2:43
Jiri Tlusty 0 0 0 -1 0 0 1 0 1 0 0/0 12:16 0:05 0:00
Kevin Shattenkirk 0 2 2 2 0 8 1 2 0 3 0/0 26:29 5:32 2:33
Mark Giordano 0 0 0 0 0 0 0 0 0 0 0/0 12:55 0:00 0:19
Maxim Afinogenov 0 1 1 2 2 2 2 0 0 0 2/3 20:21 4:54 0:09
Maxim Kondratiev 0 1 1 0 0 1 0 0 0 1 0/0 20:15 4:01 0:19
Milan Michalek 2 0 2 2 0 3 3 0 1 1 0/0 22:54 4:54 2:43
Nate Prosser 0 0 0 0 4 0 0 1 0 0 0/0 19:54 4:01 0:00
Nick Palmieri 1 0 1 1 0 4 1 0 1 1 0/1 18:14 4:34 0:00
Nikolai Kulemin 0 0 0 -1 0 2 0 1 0 0 1/1 14:45 0:19 0:00
Oskar Osala 1 0 1 1 0 4 0 0 0 0 0/0 18:13 4:34 0:00
Rob Schremp 0 0 0 -1 0 0 1 0 1 1 1/6 12:55 0:05 0:00
T.J. Hensick 0 1 1 1 0 0 0 0 1 0 6/10 18:22 4:34 0:09
3 Stars
1 - Milan Michalek (SJS)
2 - Kevin Shattenkirk (SJS)
3 - Nick Palmieri (SJS)
Power Play
Jets - 2 on 3 Attempt(s) - 66.67%
Sharks - 1 on 6 Attempt(s) - 16.67%
Penalty Kill
Jets - 5 on 6 Attempt(s) - 83.33%
- Score 0 goal in Penalty Kill
Sharks - 1 on 3 Attempt(s) - 33.33%
- Score 0 goal in Penalty Kill
Team Stat
Jets - Hits : 18 - Faceoff Wins : 32 - Blocked Shots : 12 - Penalty Minutes : 12
Sharks - Hits : 9 - Faceoff Wins : 33 - Blocked Shots : 5 - Penalty Minutes : 6
Official
Referees : Unknown
Linesman : Unknown
Game Notes
No Game Note
Finance
Level 1 -- Attendance: 4793 (79.88%) -- Ticket Income $455,335
Level 2 -- Attendance: 3153 (63.06%) -- Ticket Income $204,945
Level 3 -- Attendance: 1201 (60.05%) -- Ticket Income $54,045
Level 4 -- Attendance: 3796 (94.90%) -- Ticket Income $94,900
Luxury Box -- Attendance: 756 (75.60%) -- Ticket Income $139,860
Game was played at the Hockey Place Center.
Total Attendance: 13699 (76.11%)
Total Ticket Income: $949,085
Other Income: $142,363
Total Income: $1,091,448
Jets
5 vs 5 Forward
Center Left Wing Right Wing Time % Phy DF OF
1 Mike Richards Marcus Johansson Corey Perry 36 0 1 4
2 Derek Stepan Benoit Pouliot Devin Setoguchi 34 1 1 3
3 Joe Colborne Erik Haula Nino Niederreiter 20 1 3 1
4 Noel Acciari Fredrik Sjostrom Kevin Hayes 10 2 1 2
5 vs 5 Defense
Defense Defense Time % Phy DF OF
1 Marco Scandella Brendan Smith 38 1 3 1
2 Anton Volchenkov Eric Gelinas 32 1 2 2
3 Jared Spurgeon Jacob Trouba 20 1 2 2
4 Marco Scandella Eric Gelinas 10 1 2 2
PowerPlay Forward
Center Left Wing Right Wing Time % Phy DF OF
1 Derek Stepan Benoit Pouliot Corey Perry 60 0 0 5
2 Mike Richards Marcus Johansson Devin Setoguchi 40 0 1 4
PowerPlay Defense
Defense Defense Time % Phy DF OF
1 Marco Scandella Brendan Smith 60 0 1 4
2 Eric Gelinas Jared Spurgeon 40 0 1 4
Penalty Kill 4 Players Forward
Center Wing Time % Phy DF OF
1 Erik Haula Nino Niederreiter 60 0 4 1
2 Joe Colborne Mike Richards 40 0 4 1
Penalty Kill 4 Players Defense
Defense Defense Time % Phy DF OF
1 Anton Volchenkov Brendan Smith 60 1 4 0
2 Marco Scandella Eric Gelinas 40 1 4 0
Penalty Kill - 3 Players Forward
Forward Time % Phy DF OF
1 Erik Haula 60 0 4 1
2 Nino Niederreiter 40 0 4 1
Penalty Kill - 3 Players Defense
Defense Defense Time % Phy DF OF
1 Anton Volchenkov Brendan Smith 60 1 4 0
2 Eric Gelinas Marco Scandella 40 0 5 0
4 vs 4 Forward
Center Wing Time % Phy DF OF
1 Derek Stepan Corey Perry 60 1 2 2
2 Mike Richards Benoit Pouliot 40 1 2 2
4 vs 4 Defense
Defense Defense Time % Phy DF OF
1 Brendan Smith Anton Volchenkov 60 1 2 2
2 Brendan Smith Marco Scandella 40 1 2 2
Last Minutes Offensive
Center Left Wing Right Wing Defense Defense
Derek Stepan Benoit Pouliot Corey Perry Brendan Smith Marco Scandella
Last Minutes Defensive
Center Left Wing Right Wing Defense Defense
Joe Colborne Erik Haula Nino Niederreiter Brendan Smith Anton Volchenkov
Goaltenders
Starting : Kari Lehtonen
Backup : Jonathan Bernier
Extra Forwards
Normal : Benoit Pouliot, Derek Stepan, Corey Perry - PP : Benoit Pouliot, Derek Stepan - PK : Corey Perry
Extra Defensemen
Normal : Anton Volchenkov, Marco Scandella, Brendan Smith - PP : Brendan Smith - PK : Marco Scandella, Brendan Smith
Penalty Shots
Benoit Pouliot, Mike Richards, Corey Perry, Devin Setoguchi, Erik Haula
Scratches
Derek Roy (Strained Right Knee Injury), Lee Stempniak (Healthy), Tyler Myers (Torn Right MCL Injury)
Sharks
5 vs 5 Forward
Center Left Wing Right Wing Time % Phy DF OF
1 Jason Spezza Milan Michalek Maxim Afinogenov 40 1 2 2
2 T.J. Hensick Oskar Osala Nick Palmieri 30 1 2 2
3 Rob Schremp Nikolai Kulemin Jiri Tlusty 20 1 2 2
4 Darren Helm Bobby Butler Jason Spezza 10 1 2 2
5 vs 5 Defense
Defense Defense Time % Phy DF OF
1 Kevin Shattenkirk Andrej Sekera 40 1 2 2
2 Maxim Kondratiev Nate Prosser 30 1 2 2
3 Adam Larsson Mark Giordano 20 1 2 2
4 Brendon Nash Kevin Shattenkirk 10 1 2 2
PowerPlay Forward
Center Left Wing Right Wing Time % Phy DF OF
1 Jason Spezza Milan Michalek Maxim Afinogenov 60 1 2 2
2 T.J. Hensick Oskar Osala Nick Palmieri 40 1 2 2
PowerPlay Defense
Defense Defense Time % Phy DF OF
1 Kevin Shattenkirk Andrej Sekera 60 1 2 2
2 Maxim Kondratiev Nate Prosser 40 1 2 2
Penalty Kill 4 Players Forward
Center Wing Time % Phy DF OF
1 Jason Spezza Milan Michalek 60 1 2 2
2 Maxim Afinogenov T.J. Hensick 40 1 2 2
Penalty Kill 4 Players Defense
Defense Defense Time % Phy DF OF
1 Kevin Shattenkirk Andrej Sekera 60 1 2 2
2 Maxim Kondratiev Nate Prosser 40 1 2 2
Penalty Kill - 3 Players Forward
Forward Time % Phy DF OF
1 Jason Spezza 60 1 2 2
2 Milan Michalek 40 1 2 2
Penalty Kill - 3 Players Defense
Defense Defense Time % Phy DF OF
1 Kevin Shattenkirk Andrej Sekera 60 1 2 2
2 Maxim Kondratiev Nate Prosser 40 1 2 2
4 vs 4 Forward
Center Wing Time % Phy DF OF
1 Jason Spezza Milan Michalek 60 1 2 2
2 Maxim Afinogenov T.J. Hensick 40 1 2 2
4 vs 4 Defense
Defense Defense Time % Phy DF OF
1 Kevin Shattenkirk Andrej Sekera 60 1 2 2
2 Maxim Kondratiev Nate Prosser 40 1 2 2
Last Minutes Offensive
Center Left Wing Right Wing Defense Defense
Jason Spezza Milan Michalek Maxim Afinogenov Kevin Shattenkirk Andrej Sekera
Last Minutes Defensive
Center Left Wing Right Wing Defense Defense
Jason Spezza Milan Michalek Maxim Afinogenov Kevin Shattenkirk Andrej Sekera
Goaltenders
Starting : Tyler Weiman
Backup : Brent Krahn
Extra Forwards
Normal : Nikolai Kulemin, Rob Schremp, Bobby Butler - PP : Nikolai Kulemin, Rob Schremp - PK : Bobby Butler
Extra Defensemen
Normal : Adam Larsson, Mark Giordano, Brendon Nash - PP : Adam Larsson - PK : Mark Giordano, Brendon Nash
Penalty Shots
Jason Spezza, Milan Michalek, Maxim Afinogenov, T.J. Hensick, Nick Palmieri
Scratches
Jordan LaVallee (Healthy), Martin Erat (Healthy)
% Time on Ice - Jets
Lines # - Real PCT - Wanted PCT - Time Play
Normal Forward
1 - 35% - 36% - 16:24
2 - 32% - 34% - 15:20
3 - 19% - 20% - 8:58
4 - 14% - 10% - 6:39
Normal Defense
1 - 39% - 38% - 18:31
2 - 33% - 32% - 15:35
3 - 25% - 20% - 11:51
4 - 3% - 10% - 1:24
PP Forward
1 - 78% - 60% - 2:15
2 - 22% - 40% - 0:37
PP Defense
1 - 100% - 60% - 2:52
2 - 0% - 40% - 0:00
PK Forward
1 - 68% - 60% - 6:31
2 - 32% - 40% - 3:02
PK Defense
1 - 55% - 60% - 5:16
2 - 45% - 40% - 4:17
PK3 Forward
1 - 0% - 60%
2 - 0% - 40%
PK3 Defense
1 - 0% - 60%
2 - 0% - 40%
44 Forward
1 - 0% - 60%
2 - 0% - 40%
44 Defense
1 - 0% - 60%
2 - 0% - 40%
Last Minute Offensive - 0:14
Last Minute Defensive - 0:00
Total
Forward - 60:00
Defense - 60:00
|
% Time on Ice - Sharks
Lines # - Real PCT - Wanted PCT - Time Play
Normal Forward
1 - 33% - 40% - 15:32
2 - 29% - 30% - 13:39
3 - 25% - 20% - 11:44
4 - 14% - 10% - 6:29
Normal Defense
1 - 32% - 40% - 15:21
2 - 33% - 30% - 15:44
3 - 27% - 20% - 12:36
4 - 8% - 10% - 3:43
PP Forward
1 - 52% - 60% - 4:59
2 - 48% - 40% - 4:34
PP Defense
1 - 58% - 60% - 5:32
2 - 42% - 40% - 4:01
PK Forward
1 - 95% - 60% - 2:43
2 - 5% - 40% - 0:09
PK Defense
1 - 89% - 60% - 2:33
2 - 11% - 40% - 0:19
PK3 Forward
1 - 0% - 60%
2 - 0% - 40%
PK3 Defense
1 - 0% - 60%
2 - 0% - 40%
44 Forward
1 - 0% - 60%
2 - 0% - 40%
44 Defense
1 - 0% - 60%
2 - 0% - 40%
Last Minute Offensive - 0:00
Last Minute Defensive - 0:11
Total
Forward - 60:00
Defense - 60:00
|
Play-by-Play
1st period
0:01 of 1st period - Jason Spezza wins face-off versus Mike Richards in neutral zone.
0:14 of 1st period - Wrist shot by Marcus Johansson.
0:14 of 1st period - Stopped by Tyler Weiman without a rebound.
0:15 of 1st period - Derek Stepan wins face-off versus T.J. Hensick in Sharks zone.
0:46 of 1st period - Wrist shot by Fredrik Sjostrom.
0:46 of 1st period - Shot Misses the Net.
0:52 of 1st period - Wrist shot by Oskar Osala.
0:52 of 1st period - Stopped by Kari Lehtonen without a rebound.
0:53 of 1st period - Joe Colborne wins face-off versus Rob Schremp in Jets zone.
1:20 of 1st period - Corey Perry is hit by Milan Michalek.
2:14 of 1st period - Erik Haula is hit by Kevin Shattenkirk and loses puck.
2:33 of 1st period - Slapshot by Kevin Shattenkirk.
2:33 of 1st period - Deflect By Darren Helm.
2:33 of 1st period - Stopped by Kari Lehtonen with a rebound.
3:53 of 1st period - Snap shot by Mike Richards.
3:53 of 1st period - Shot Misses the Net.
5:37 of 1st period - Mark Giordano is hit by Benoit Pouliot and loses puck.
5:56 of 1st period - Wrist shot by Nick Palmieri.
5:56 of 1st period - Stopped by Kari Lehtonen with a rebound.
5:58 of 1st period - Slapshot by Mark Giordano.
5:58 of 1st period - Deflect By Oskar Osala.
5:58 of 1st period - Deflect By Jared Spurgeon.
5:58 of 1st period - Stopped by Kari Lehtonen without a rebound.
5:59 of 1st period - Mike Richards wins face-off versus T.J. Hensick in Jets zone.
6:16 of 1st period - Wrist shot by Corey Perry.
6:16 of 1st period - Stopped by Tyler Weiman with a rebound.
6:50 of 1st period - Minor Penalty to Marco Scandella for Holding.
6:51 of 1st period - Jason Spezza wins face-off versus Erik Haula in Jets zone.
8:04 of 1st period - Nick Palmieri is hit by Joe Colborne and loses puck.
8:50 of 1st period - Penalty to Marco Scandella is over, Marco Scandella is back on ice.
8:58 of 1st period - Icing by Benoit Pouliot.
8:59 of 1st period - Nikolai Kulemin wins face-off versus Derek Stepan in Jets zone.
9:12 of 1st period - Snap shot by Rob Schremp.
9:12 of 1st period - Shot Blocked by Devin Setoguchi.
9:42 of 1st period - Slapshot by Kevin Shattenkirk.
9:42 of 1st period - Shot Blocked by Jacob Trouba.
10:12 of 1st period - Slapshot by Kevin Shattenkirk.
10:12 of 1st period - Shot Misses the Net.
10:18 of 1st period - Slapshot by Kevin Shattenkirk.
10:18 of 1st period - Stopped by Kari Lehtonen with a rebound.
10:45 of 1st period - Wrist shot by Derek Stepan.
10:45 of 1st period - Shot Blocked by Kevin Shattenkirk.
10:55 of 1st period - Wrist shot by Benoit Pouliot.
10:55 of 1st period - Stopped by Tyler Weiman without a rebound.
10:56 of 1st period - Jason Spezza wins face-off versus Mike Richards in Sharks zone.
12:10 of 1st period - Slapshot by Corey Perry.
12:10 of 1st period - Shot Misses the Net.
12:28 of 1st period - Wrist shot by Erik Haula.
12:28 of 1st period - Stopped by Tyler Weiman with a rebound.
12:40 of 1st period - Oskar Osala is hit by Anton Volchenkov and loses puck.
15:37 of 1st period - Off-side.
15:38 of 1st period - Joe Colborne wins face-off versus Rob Schremp in neutral zone.
15:48 of 1st period - Maxim Kondratiev is hit by Anton Volchenkov and loses puck.
16:01 of 1st period - Jason Spezza is hit by Corey Perry and loses puck.
16:27 of 1st period - Icing by Mark Giordano.
16:28 of 1st period - T.J. Hensick wins face-off versus Mike Richards in Sharks zone.
16:41 of 1st period - Snap shot by Corey Perry.
16:41 of 1st period - Stopped by Tyler Weiman without a rebound.
16:42 of 1st period - Jason Spezza wins face-off versus Mike Richards in Sharks zone.
16:49 of 1st period - Backhand shot by Mike Richards.
16:49 of 1st period - Deflect By Corey Perry.
16:49 of 1st period - Shot Blocked by Kevin Shattenkirk.
16:49 of 1st period - Puck is out of play.
16:50 of 1st period - Mike Richards wins face-off versus Jason Spezza in Sharks zone.
16:51 of 1st period - Wrist shot by Marcus Johansson.
16:51 of 1st period - Stopped by Tyler Weiman with a rebound.
16:53 of 1st period - Slapshot by Mike Richards.
16:53 of 1st period - Deflect By Corey Perry.
16:53 of 1st period - Stopped by Tyler Weiman with a rebound.
16:55 of 1st period - Snap shot by Mike Richards.
16:55 of 1st period - Stopped by Tyler Weiman with a rebound.
16:57 of 1st period - Backhand shot by Brendan Smith.
16:57 of 1st period - Stopped by Tyler Weiman with a rebound.
16:59 of 1st period - Wrist shot by Marco Scandella.
16:59 of 1st period - Stopped by Tyler Weiman without a rebound.
17:00 of 1st period - Jason Spezza wins face-off versus Mike Richards in Sharks zone.
17:05 of 1st period - Snap shot by Milan Michalek.
17:05 of 1st period - Goal by Milan Michalek - Jets : 0 - Sharks : 1.
17:06 of 1st period - Mike Richards wins face-off versus Maxim Afinogenov in neutral zone.
17:19 of 1st period - Kevin Shattenkirk is hit by Eric Gelinas and loses puck.
17:22 of 1st period - Slapshot by Milan Michalek.
17:22 of 1st period - Goal by Milan Michalek - Jets : 0 - Sharks : 2.
17:23 of 1st period - Jason Spezza wins face-off versus Mike Richards in neutral zone.
17:28 of 1st period - Slapshot by Jason Spezza.
17:28 of 1st period - Shot Blocked by Eric Gelinas.
17:30 of 1st period - Minor Penalty to Marco Scandella for High sticking.
17:31 of 1st period - Erik Haula wins face-off versus Jason Spezza in Jets zone.
17:31 of 1st period - Erik Haula is hit by Maxim Afinogenov.
18:05 of 1st period - Snap shot by Oskar Osala.
18:05 of 1st period - Shot Blocked by Brendan Smith.
18:07 of 1st period - Snap shot by Nick Palmieri.
18:07 of 1st period - Shot Blocked by Brendan Smith.
19:30 of 1st period - Penalty to Marco Scandella is over, Marco Scandella is back on ice.
19:36 of 1st period - Nate Prosser is hit by Marco Scandella and loses puck.
19:49 of 1st period - Snap shot by Joe Colborne.
19:49 of 1st period - Shot Blocked by Nate Prosser.
19:51 of 1st period - Snap shot by Eric Gelinas.
19:51 of 1st period - Shot Misses the Net.
19:53 of 1st period - Wrist shot by Benoit Pouliot.
19:53 of 1st period - Stopped by Tyler Weiman with a rebound.
Goals for this period are 0 for Jets vs 2 for Sharks.
Shots for this period are 11 for Jets vs 7 for Sharks.
2nd period
0:01 of 2nd period - Jason Spezza wins face-off versus Mike Richards in neutral zone.
0:10 of 2nd period - Slapshot by Maxim Afinogenov.
0:10 of 2nd period - Shot Misses the Net.
0:12 of 2nd period - Slapshot by Kevin Shattenkirk.
0:12 of 2nd period - Deflect By Brendan Smith.
0:12 of 2nd period - Stopped by Kari Lehtonen without a rebound.
0:13 of 2nd period - Mike Richards wins face-off versus Jason Spezza in Jets zone.
0:44 of 2nd period - Wrist shot by Kevin Shattenkirk.
0:44 of 2nd period - Stopped by Kari Lehtonen without a rebound.
0:45 of 2nd period - Derek Stepan wins face-off versus T.J. Hensick in Jets zone.
0:52 of 2nd period - Snap shot by Nick Palmieri.
0:52 of 2nd period - Stopped by Kari Lehtonen without a rebound.
0:53 of 2nd period - Mike Richards wins face-off versus Jason Spezza in Jets zone.
1:07 of 2nd period - Wrist shot by Jason Spezza.
1:07 of 2nd period - Stopped by Kari Lehtonen without a rebound.
1:08 of 2nd period - Derek Stepan wins face-off versus Nick Palmieri in Jets zone.
1:41 of 2nd period - Slapshot by Jason Spezza.
1:41 of 2nd period - Stopped by Kari Lehtonen without a rebound.
1:42 of 2nd period - Mike Richards wins face-off versus Jason Spezza in Jets zone.
1:46 of 2nd period - Minor Penalty to Nate Prosser for Holding.
1:47 of 2nd period - Jason Spezza wins face-off versus Derek Stepan in Sharks zone.
1:54 of 2nd period - Off-side.
1:55 of 2nd period - Derek Stepan wins face-off versus Jason Spezza in neutral zone.
2:38 of 2nd period - Wrist shot by Mike Richards.
2:38 of 2nd period - Goal by Mike Richards - Jets : 1 - Sharks : 2.
2:39 of 2nd period - Mike Richards wins face-off versus Jason Spezza in neutral zone.
2:55 of 2nd period - Minor Penalty to Marcus Johansson for Holding.
2:56 of 2nd period - Erik Haula wins face-off versus Jason Spezza in Jets zone.
3:57 of 2nd period - Wrist shot by Joe Colborne.
3:57 of 2nd period - Stopped by Tyler Weiman with a rebound.
4:55 of 2nd period - Penalty to Marcus Johansson is over, Marcus Johansson is back on ice.
5:12 of 2nd period - Off-side.
5:13 of 2nd period - Derek Stepan wins face-off versus Rob Schremp in neutral zone.
5:24 of 2nd period - Snap shot by Nikolai Kulemin.
5:24 of 2nd period - Stopped by Kari Lehtonen with a rebound.
6:20 of 2nd period - Snap shot by Benoit Pouliot.
6:20 of 2nd period - Shot Blocked by Andrej Sekera.
7:32 of 2nd period - Off-side.
7:33 of 2nd period - Rob Schremp wins face-off versus Derek Stepan in neutral zone.
7:48 of 2nd period - Snap shot by Derek Stepan.
7:48 of 2nd period - Stopped by Tyler Weiman without a rebound.
7:49 of 2nd period - Mike Richards wins face-off versus Jason Spezza in Sharks zone.
8:03 of 2nd period - Backhand shot by Kevin Shattenkirk.
8:03 of 2nd period - Shot Misses the Net.
8:05 of 2nd period - Slapshot by Kevin Shattenkirk.
8:05 of 2nd period - Shot Blocked by Marcus Johansson.
9:32 of 2nd period - Snap shot by Benoit Pouliot.
9:32 of 2nd period - Goal by Benoit Pouliot - Jets : 2 - Sharks : 2.
9:33 of 2nd period - Jason Spezza wins face-off versus Mike Richards in neutral zone.
9:51 of 2nd period - Milan Michalek is hit by Marco Scandella and loses puck.
10:02 of 2nd period - Wrist shot by Oskar Osala.
10:02 of 2nd period - Shot Misses the Net.
10:07 of 2nd period - Off-side.
10:08 of 2nd period - T.J. Hensick wins face-off versus Joe Colborne in neutral zone.
10:10 of 2nd period - Off-side.
10:11 of 2nd period - Jason Spezza wins face-off versus Joe Colborne in neutral zone.
10:26 of 2nd period - Wrist shot by Maxim Afinogenov.
10:26 of 2nd period - Stopped by Kari Lehtonen without a rebound.
10:27 of 2nd period - T.J. Hensick wins face-off versus Mike Richards in Jets zone.
10:49 of 2nd period - Icing by Marcus Johansson.
10:50 of 2nd period - Mike Richards wins face-off versus Jason Spezza in Jets zone.
10:55 of 2nd period - Snap shot by Benoit Pouliot.
10:55 of 2nd period - Stopped by Tyler Weiman with a rebound.
10:57 of 2nd period - Wrist shot by Devin Setoguchi.
10:57 of 2nd period - Stopped by Tyler Weiman with a rebound.
10:59 of 2nd period - Slapshot by Marco Scandella.
10:59 of 2nd period - Shot Misses the Net.
11:01 of 2nd period - Slapshot by Marco Scandella.
11:01 of 2nd period - Stopped by Tyler Weiman without a rebound.
11:02 of 2nd period - Jason Spezza wins face-off versus Mike Richards in Sharks zone.
11:06 of 2nd period - Kevin Shattenkirk is hit by Marco Scandella and loses puck.
11:16 of 2nd period - Minor Penalty to Marcus Johansson for Interference.
11:17 of 2nd period - Erik Haula wins face-off versus Jason Spezza in Jets zone.
11:33 of 2nd period - Snap shot by Jason Spezza.
11:33 of 2nd period - Shot Blocked by Brendan Smith.
13:16 of 2nd period - Penalty to Marcus Johansson is over, Marcus Johansson is back on ice.
13:41 of 2nd period - Marco Scandella is hit by Rob Schremp and loses puck.
13:52 of 2nd period - Wrist shot by Rob Schremp.
13:52 of 2nd period - Shot Blocked by Noel Acciari.
13:54 of 2nd period - Snap shot by Nikolai Kulemin.
13:54 of 2nd period - Stopped by Kari Lehtonen without a rebound.
13:55 of 2nd period - Darren Helm wins face-off versus Derek Stepan in Jets zone.
14:32 of 2nd period - Slapshot by Kevin Shattenkirk.
14:32 of 2nd period - Stopped by Kari Lehtonen with a rebound.
14:34 of 2nd period - Slapshot by Darren Helm.
14:34 of 2nd period - Shot Blocked by Jared Spurgeon.
14:36 of 2nd period - Snap shot by Kevin Shattenkirk.
14:36 of 2nd period - Stopped by Kari Lehtonen without a rebound.
14:37 of 2nd period - T.J. Hensick wins face-off versus Mike Richards in Jets zone.
14:38 of 2nd period - Snap shot by Nick Palmieri.
14:38 of 2nd period - Stopped by Kari Lehtonen without a rebound.
14:39 of 2nd period - T.J. Hensick wins face-off versus Mike Richards in Jets zone.
14:46 of 2nd period - Adam Larsson is hit by Brendan Smith and loses puck.
15:12 of 2nd period - Off-side.
15:13 of 2nd period - Jason Spezza wins face-off versus Derek Stepan in neutral zone.
15:48 of 2nd period - Nick Palmieri is hit by Anton Volchenkov and loses puck.
16:30 of 2nd period - Snap shot by Jason Spezza.
16:30 of 2nd period - Stopped by Kari Lehtonen with a rebound.
17:38 of 2nd period - Off-side.
17:39 of 2nd period - Marcus Johansson wins face-off versus Jason Spezza in neutral zone.
17:56 of 2nd period - Snap shot by Mike Richards.
17:56 of 2nd period - Shot Misses the Net.
18:25 of 2nd period - Icing by Eric Gelinas.
18:26 of 2nd period - Derek Stepan wins face-off versus Rob Schremp in Jets zone.
18:50 of 2nd period - Nino Niederreiter is hit by Milan Michalek and loses puck.
18:55 of 2nd period - Slapshot by Kevin Shattenkirk.
18:55 of 2nd period - Stopped by Kari Lehtonen without a rebound.
18:56 of 2nd period - Jason Spezza wins face-off versus Joe Colborne in Jets zone.
19:01 of 2nd period - Slapshot by Jason Spezza.
19:01 of 2nd period - Stopped by Kari Lehtonen with a rebound.
19:07 of 2nd period - Slapshot by Marco Scandella.
19:07 of 2nd period - Stopped by Tyler Weiman with a rebound.
19:09 of 2nd period - Snap shot by Joe Colborne.
19:09 of 2nd period - Stopped by Tyler Weiman without a rebound.
19:10 of 2nd period - Maxim Afinogenov wins face-off versus Marcus Johansson in Sharks zone.
19:20 of 2nd period - Minor Penalty to Maxim Afinogenov for Hooking.
19:21 of 2nd period - Jason Spezza wins face-off versus Derek Stepan in Sharks zone.
Goals for this period are 2 for Jets vs 0 for Sharks.
Shots for this period are 9 for Jets vs 14 for Sharks.
3rd period
0:01 of 3rd period - Jason Spezza wins face-off versus Benoit Pouliot in neutral zone.
0:17 of 3rd period - Icing by Brendan Smith.
0:18 of 3rd period - Jason Spezza wins face-off versus Derek Stepan in Jets zone.
0:27 of 3rd period - Wrist shot by Jason Spezza.
0:27 of 3rd period - Stopped by Kari Lehtonen without a rebound.
0:28 of 3rd period - Derek Stepan wins face-off versus Jason Spezza in Jets zone.
0:38 of 3rd period - Icing by Brendan Smith.
0:39 of 3rd period - Derek Stepan wins face-off versus Jason Spezza in Jets zone.
0:51 of 3rd period - Snap shot by Derek Stepan.
0:51 of 3rd period - Stopped by Tyler Weiman without a rebound.
0:52 of 3rd period - Derek Stepan wins face-off versus Jason Spezza in Sharks zone.
0:57 of 3rd period - Snap shot by Benoit Pouliot.
0:57 of 3rd period - Stopped by Tyler Weiman without a rebound.
0:58 of 3rd period - Corey Perry wins face-off versus Jason Spezza in Sharks zone.
1:13 of 3rd period - Kevin Shattenkirk is hit by Marco Scandella and loses puck.
1:20 of 3rd period - Penalty to Maxim Afinogenov is over, Maxim Afinogenov is back on ice.
1:31 of 3rd period - Off-side.
1:32 of 3rd period - T.J. Hensick wins face-off versus Mike Richards in neutral zone.
1:39 of 3rd period - Wrist shot by Corey Perry.
1:39 of 3rd period - Shot Misses the Net.
2:12 of 3rd period - Minor Penalty to Nate Prosser for Tripping.
2:13 of 3rd period - Derek Stepan wins face-off versus Jason Spezza in Sharks zone.
2:13 of 3rd period - Wrist shot by Corey Perry.
2:13 of 3rd period - Goal by Corey Perry - Jets : 3 - Sharks : 2.
2:14 of 3rd period - Jason Spezza wins face-off versus Mike Richards in neutral zone.
2:19 of 3rd period - Backhand shot by Jason Spezza.
2:19 of 3rd period - Deflect By Marco Scandella.
2:19 of 3rd period - Stopped by Kari Lehtonen with a rebound.
2:41 of 3rd period - Milan Michalek is hit by Nino Niederreiter and loses puck.
2:46 of 3rd period - Snap shot by Joe Colborne.
2:46 of 3rd period - Shot Hit the Post.
2:50 of 3rd period - Snap shot by Nino Niederreiter.
2:50 of 3rd period - Stopped by Tyler Weiman with a rebound.
3:00 of 3rd period - Snap shot by Milan Michalek.
3:00 of 3rd period - Stopped by Kari Lehtonen with a rebound.
3:50 of 3rd period - Wrist shot by Marcus Johansson.
3:50 of 3rd period - Shot Hit the Post.
4:13 of 3rd period - Backhand shot by Nino Niederreiter.
4:13 of 3rd period - Stopped by Tyler Weiman without a rebound.
4:14 of 3rd period - Derek Stepan wins face-off versus Rob Schremp in Sharks zone.
6:23 of 3rd period - Darren Helm is hit by Mike Richards and loses puck.
6:53 of 3rd period - Bobby Butler is hit by Marcus Johansson and loses puck.
7:08 of 3rd period - Mark Giordano is hit by Mike Richards.
7:26 of 3rd period - Snap shot by Brendan Smith.
7:26 of 3rd period - Stopped by Tyler Weiman with a rebound.
7:28 of 3rd period - Snap shot by Mike Richards.
7:28 of 3rd period - Stopped by Tyler Weiman with a rebound.
7:30 of 3rd period - Backhand shot by Brendan Smith.
7:30 of 3rd period - Shot Blocked by Nikolai Kulemin.
7:34 of 3rd period - Slapshot by Mike Richards.
7:34 of 3rd period - Stopped by Tyler Weiman without a rebound.
7:35 of 3rd period - Devin Setoguchi wins face-off versus Jason Spezza in Sharks zone.
7:35 of 3rd period - Minor Penalty to Eric Gelinas for Hooking.
7:36 of 3rd period - Erik Haula wins face-off versus Jason Spezza in Jets zone.
7:47 of 3rd period - Slapshot by Kevin Shattenkirk.
7:47 of 3rd period - Shot Misses the Net.
8:07 of 3rd period - Backhand shot by Kevin Shattenkirk.
8:07 of 3rd period - Stopped by Kari Lehtonen with a rebound.
8:09 of 3rd period - Slapshot by Kevin Shattenkirk.
8:09 of 3rd period - Shot Blocked by Jacob Trouba.
8:11 of 3rd period - Wrist shot by Oskar Osala.
8:11 of 3rd period - Goal by Oskar Osala - Jets : 3 - Sharks : 3.
8:12 of 3rd period - Jason Spezza wins face-off versus Derek Stepan in neutral zone.
8:51 of 3rd period - Slapshot by Nino Niederreiter.
8:51 of 3rd period - Shot Misses the Net.
9:12 of 3rd period - Snap shot by Oskar Osala.
9:12 of 3rd period - Shot Misses the Net.
9:28 of 3rd period - Slapshot by Maxim Kondratiev.
9:28 of 3rd period - Stopped by Kari Lehtonen with a rebound.
9:44 of 3rd period - Wrist shot by Benoit Pouliot.
9:44 of 3rd period - Stopped by Tyler Weiman with a rebound.
9:57 of 3rd period - Devin Setoguchi is hit by Nick Palmieri and loses puck.
10:28 of 3rd period - Snap shot by Oskar Osala.
10:28 of 3rd period - Deflect By Benoit Pouliot.
10:28 of 3rd period - Stopped by Kari Lehtonen without a rebound.
10:29 of 3rd period - Mike Richards wins face-off versus Jason Spezza in Jets zone.
10:29 of 3rd period - Mike Richards is hit by Maxim Afinogenov.
10:35 of 3rd period - Anton Volchenkov is hit by Milan Michalek and loses puck.
11:21 of 3rd period - Backhand shot by Noel Acciari.
11:21 of 3rd period - Shot Misses the Net.
11:23 of 3rd period - Snap shot by Noel Acciari.
11:23 of 3rd period - Shot Misses the Net.
11:25 of 3rd period - Wrist shot by Fredrik Sjostrom.
11:25 of 3rd period - Shot Misses the Net.
12:02 of 3rd period - Nino Niederreiter is hit by Jiri Tlusty and loses puck.
12:17 of 3rd period - Kevin Shattenkirk is hit by Marco Scandella and loses puck.
12:36 of 3rd period - Slapshot by Fredrik Sjostrom.
12:36 of 3rd period - Shot Misses the Net.
12:38 of 3rd period - Wrist shot by Fredrik Sjostrom.
12:38 of 3rd period - Stopped by Tyler Weiman with a rebound.
13:09 of 3rd period - Icing by Anton Volchenkov.
13:10 of 3rd period - Darren Helm wins face-off versus Mike Richards in Jets zone.
14:17 of 3rd period - Snap shot by Nino Niederreiter.
14:17 of 3rd period - Stopped by Tyler Weiman with a rebound.
14:19 of 3rd period - Wrist shot by Joe Colborne.
14:19 of 3rd period - Stopped by Tyler Weiman without a rebound.
14:20 of 3rd period - Maxim Afinogenov wins face-off versus Joe Colborne in Sharks zone.
15:24 of 3rd period - Snap shot by Nick Palmieri.
15:24 of 3rd period - Goal by Nick Palmieri - Jets : 3 - Sharks : 4.
15:25 of 3rd period - Jason Spezza wins face-off versus Joe Colborne in neutral zone.
15:29 of 3rd period - Icing by Brendan Smith.
15:30 of 3rd period - Joe Colborne wins face-off versus Jason Spezza in Jets zone.
16:43 of 3rd period - Wrist shot by Jason Spezza.
16:43 of 3rd period - Stopped by Kari Lehtonen with a rebound.
16:45 of 3rd period - Slapshot by Kevin Shattenkirk.
16:45 of 3rd period - Shot Blocked by Fredrik Sjostrom.
16:47 of 3rd period - Wrist shot by Jason Spezza.
16:47 of 3rd period - Shot Blocked by Noel Acciari.
16:49 of 3rd period - Slapshot by Kevin Shattenkirk.
16:49 of 3rd period - Stopped by Kari Lehtonen with a rebound.
16:59 of 3rd period - Wrist shot by Nino Niederreiter.
16:59 of 3rd period - Stopped by Tyler Weiman with a rebound.
17:01 of 3rd period - Snap shot by Erik Haula.
17:01 of 3rd period - Shot Misses the Net.
17:03 of 3rd period - Wrist shot by Nino Niederreiter.
17:03 of 3rd period - Stopped by Tyler Weiman with a rebound.
17:49 of 3rd period - Slapshot by Marcus Johansson.
17:49 of 3rd period - Stopped by Tyler Weiman without a rebound.
17:50 of 3rd period - Jason Spezza wins face-off versus Corey Perry in Sharks zone.
17:50 of 3rd period - Jason Spezza is hit by Brendan Smith.
17:58 of 3rd period - Snap shot by Maxim Afinogenov.
17:58 of 3rd period - Stopped by Kari Lehtonen without a rebound.
17:59 of 3rd period - Jason Spezza wins face-off versus Joe Colborne in Jets zone.
18:08 of 3rd period - Snap shot by Milan Michalek.
18:08 of 3rd period - Shot Misses the Net.
18:58 of 3rd period - Minor Penalty to Anton Volchenkov for Roughing.
18:59 of 3rd period - Erik Haula wins face-off versus T.J. Hensick in Jets zone.
Goals for this period are 1 for Jets vs 2 for Sharks.
Shots for this period are 15 for Jets vs 11 for Sharks.
Back to the Top